 Dungeon Crawl Stone Soup version 0.26.0-16-gc1dbca0489 (webtiles) character file.

Game seed: 11581658352073133457

340 kaeus the Sneak (level 6, 0/36 HPs)
             Began as an Octopode Fire Elementalist on Jan 22, 2021.
             Slain by Purgy (8 damage)
             ... on level 3 of the Dungeon.
             The game lasted 00:08:16 (4147 turns).

kaeus the Sneak (Octopode Fire Elementalist)        Turns: 4147, Time: 00:08:16

Health: 0/36       AC:  1    Str:  7    XL:     6   Next: 56%
Magic:  8/10       EV: 14    Int: 19    God:
Gold:   205        SH:  0    Dex: 13    Spells: 5/11 levels left

rFire    . . .     SeeInvis .   o - +0 hand axe (freeze)
rCold    . . .     Faith    .   (no shield)
rNeg     . . .     Spirit   .   (helmet restricted)
rPois    .         Reflect  .   e - amulet of magic regeneration
rElec    .         Harm     .   k - ring of resist corrosion
rCorr    +         Rampage  .   (no ring)
Will     .....                  (no ring)
Stlth    ++++......             (no ring)
HPRegen  0.12/turn              (no ring)
MPRegen  0.37/turn              (no ring)
                                (no ring)
                                (no ring)

@: no status effects
A: almost no armour, stealthy swim, amphibious, 8 rings, constrict 8, camouflage
1, gelatinous body 1
a: no special abilities


You were on level 3 of the Dungeon.
You visited 1 branch of the dungeon, and saw 4 of its levels.

You collected 205 gold pieces.

Inventory:

Hand Weapons
 o - a +0 hand axe of freezing (weapon)
Jewellery
 e - an amulet of magic regeneration (around mantle)
 k - a ring of resist corrosion (left tentacle)
Scrolls
 a - 5 scrolls of remove curse
 b - 5 scrolls of identify {unknown}
 c - 3 scrolls of enchant weapon {unknown}
 g - a scroll of enchant armour {unknown}
 l - 2 scrolls of magic mapping {unknown}
 n - 2 scrolls of fog {unknown}
 p - a scroll of blinking {unknown}
 s - a scroll of random uselessness {unknown}
Potions
 d - a potion of degeneration {unknown}
 f - a potion of flight {unknown}
 h - 2 potions of curing {unknown}
 i - a potion of heal wounds {unknown}
 j - a potion of haste {unknown}
 m - a potion of resistance {unknown}
 q - a potion of experience {unknown}
 r - a potion of mutation {unknown}


   Skills:
 + Level 3.3 Dodging
 + Level 4.6 Stealth
 + Level 3.1 Spellcasting
 * Level 3.0 Conjurations
 * Level 4.3 Fire Magic


You had 5 spell levels left.
You knew the following spells:

 Your Spells              Type           Power        Failure   Level
a - Foxfire               Conj/Fire      68%          3%          1
b - Fireball              Conj/Fire      8%           67%         5

Your spell library contained the following spells:

 Spells                   Type           Power        Failure   Level
 Conjure Flame            Conj/Fire      17%          10%         3
 Inner Flame              Hex/Fire       11%          19%         3
 Sticky Flame             Conj/Fire      17%          32%         4


Dungeon Overview and Level Annotations

Branches:
Dungeon (4/15)
 Temple: D:4-7

Altars:
Fedhas
Nemelex Xobeh
Uskayaw

Shops:
D:4 !}:

Annotations:
D:3 Purgy


Innate Abilities, Weirdness & Mutations

You cannot wear most types of armour.
You are very stealthy in the water. (Stealth+)
You are amphibious.
You can wear up to eight rings at the same time.
You can use your tentacles to constrict eight enemies at once.
Your skin changes colour to match your surroundings (Stealth+).
Your rubbery body absorbs attacks. (AC +1, EV +1)


Message History

Purgy barely misses you. Purgy misses you.
You take 4 damage, and have 3/36 hp.
Purgy snarls, "My home!
Leave!"
Things that are here:
a +0 club; a hobgoblin skeleton
There is an open door here.
Sorry, you're not good enough to have a special ability.
Casting: Foxfire (safe; 3% risk of failure)
Confirm with . or Enter, or press ? or * to list all spells.
You conjure some foxfire!
Purgy misses you. Purgy claws you but does no damage. Purgy closely misses you.
You now have 9/10 mp.
Casting: Foxfire (safe; 3% risk of failure)
Confirm with . or Enter, or press ? or * to list all spells.
You conjure some foxfire!
The foxfire hits Purgy.
Purgy is lightly wounded.
The foxfire hits Purgy.
Purgy is lightly wounded.
Purgy bites you!
You die...

######## #÷.@v..# #..Tv..###
#....÷...# #.......############
######### #.......# #.........
###.......## #.......###.##...##.
.##........######'##......#...##.
........................>......#.
.##.............[..#...##.##...#.


You could see Purgy.

Vanquished Creatures
  An ogre (D:4)
  A worker ant (D:4)
  3 gnolls
  9 adders
  A white imp (D:2)
  2 worms
  A dart slug (D:1)
  5 leopard geckos
  3 orcs
  7 giant cockroaches
  16 goblins
  6 hobgoblins
  7 jackals (D:3)
  2 quokkas
  A ball python (D:4)
  10 bats
  6 frilled lizards
  9 kobolds
  12 rats
102 creatures vanquished.

Vanquished Creatures (others)
  379 foxfires
379 creatures vanquished.

Grand Total: 481 creatures vanquished

Notes
Turn   | Place    | Note
-------+----------+-------------------------------------------
     0 | D:1      | kaeus the Octopode Fire Elementalist began the quest for
                  | the Orb.
     0 | D:1      | Reached XP level 1. HP: 11/11 MP: 3/3
   210 | D:1      | Reached XP level 2. HP: 17/17 MP: 0/5
   567 | D:1      | Reached XP level 3. HP: 21/21 MP: 3/6
  1206 | D:2      | Reached XP level 4. HP: 27/27 MP: 1/7
  2597 | D:3      | Found a sparkling altar of Nemelex Xobeh.
  2632 | D:3      | Reached XP level 5. HP: 31/31 MP: 1/8
  2992 | D:4      | Learned a level 5 spell: Fireball
  3020 | D:4      | Noticed a lemure
  3020 | D:4      | Noticed a lemure
  3195 | D:4      | Found a sparkling altar of Nemelex Xobeh.
  3195 | D:4      | Found a hide-covered altar of Uskayaw.
  3195 | D:4      | Found a blossoming altar of Fedhas.
  3229 | D:4      | Found Wojutt's Distillery.
  3395 | D:4      | Found Ympeg's Book Shoppe.
  3402 | D:4      | Noticed an ogre
  3414 | D:4      | Killed an ogre
  3415 | D:4      | Reached XP level 6. HP: 36/36 MP: 8/10
  3441 | D:4      | Found Waergh's Gadget Shop.
  3982 | D:3      | Noticed Purgy
  4147 | D:3      | Slain by Purgy

Illustrated notes

Levels and vault maps discovered:
D:1:      dpeg_arrival_subterranean_lakeside_camping, layout_basic,
          grunt_decor_one_mirror
D:2:      layout_loops_corners, serial_rivers, chequers_serial_rivers_room_b,
          chequers_serial_rivers_room_a, chequers_serial_rivers_room_b,
          chequers_serial_rivers_small_3
D:3:      minmay_evil_eye, layout_basic, corner_web_ring,
          nemelex_diamond_rough_becter, uniq_purgy
D:4:      kennysheep_goblin_castle, layout_loops_ring,
          gammafunk_temple_overflow_claw, serial_shops, kennysheep_little_box,
          shop, shop, kennysheep_donut, uniq_robin, uniq_pikel

Skill      XL: |  1  2  3  4  5  6 |
---------------+-------------------+-----
Stealth        | 3 4 |  4.6
Conjurations   | 2 3 |  3.0
Dodging        | 3 |  3.3
Spellcasting   | 3 |  3.1
Fire Magic     | 4 |  4.3

Action                   |  1- 3 |  4- 6 || total
-------------------------+-------+-------++-------
Melee: Unarmed           |    15 |       ||    15
       Constrict         |     8 |     5 ||    13
       Dagger            |     5 |       ||     5
       Tentacles         |     3 |     6 ||     9
       Hand axe          |       |    30 ||    30
 Cast: Foxfire           |   108 |   187 ||   295
  Use: Scroll            |       |     1 ||     1
 Stab: Sleeping          |       |     1 ||     1
Armor: Skin              |     2 |     4 ||     6
Dodge: Dodged            |    15 |    35 ||    50
